Map: Frost LE

Players

ParanOid

  • Race: Zerg Zerg

Miszu - Winner!

  • Race: Terran Terran
  • League: Master

VOD

Have the link to the VOD?

Description

Time

  • Played on: July 3, 2016, 8:10 a.m.
  • Length: 14:38
Show
View Real Time Build Order
Export as new Build Order

ParanOid Zerg 

Build Orders: Hatch First 

Get SALT Encoding   

  12  0:00  Drone  
  13  0:13  Overlord  
  13  0:19  Drone  
  14  0:31  Drone x2  
  16  0:35  Drone  
  17  0:53  Hatchery  
  16  0:58  Drone  
  16  0:59  Drone  
  18  1:13  Spawning Pool  
  18  1:15  Extractor  
  18  1:17  Drone  
  17  1:20  Drone  
  18  1:29  Drone  
  19  1:39  Overlord  
  19  2:00  Zergling x2  
  21  2:01  Zergling x2, Queen  
  21  2:05  Queen  
  21  2:06  Overlord  
  25  2:12  Drone  
  25  2:14  Metabolic Boost  
  26  2:17  Drone  
  27  2:23  Drone  
  27  2:28  Drone  
  29  2:34  Drone  
  30  2:37  Queen  
  30  2:38  Drone  
  33  2:46  Drone  
  34  2:55  Pneumatized Carapace  
  34  3:06  Drone x4  
  34  3:09  Overlord  
  34  3:11  Drone x3  
  41  3:14  Drone x2  
  43  3:20  Overlord  
  43  3:37  Hatchery  
  43  3:41  Drone x5  
  43  3:43  Drone  
  43  3:45  Drone  
  43  3:47  Drone x2  
  51  3:48  Drone  
  51  3:53  Overlord  
  52  4:00  Evolution Chamber  
  52  4:01  Evolution Chamber  
  50  4:03  Roach Warren  
  50  4:05  Extractor  
  50  4:06  Extractor  
  50  4:08  Drone x2  
  49  4:10  Drone  
  49  4:14  Drone x3  
  53  4:22  Drone x3  
  53  4:23  Spore Crawler  
  55  4:25  Zergling x4  
  57  4:44  Roach  
  57  4:45  Overlord x3, Spore Crawler  
  58  4:46  Zergling x2  
  58  4:47  Zergling x2  
  58  4:50  Roach  
  58  4:51  Roach x2  
  66  5:02  Overlord x2  
  66  5:06  Roach  
  74  5:07  Roach x3  
  63  5:25  Lair  
  63  5:29  Drone x9  
  63  5:31  Zerg Melee Weapons Level 1  
  72  5:42  Queen  
  74  5:48  Drone x2  
  68  5:57  Drone  
  68  5:58  Drone x8  
  76  6:13  Spore Crawler  
  76  6:18  Roach  
  76  6:21  Extractor  
  76  6:24  Roach x2  
  78  6:34  Extractor  
  78  6:35  Extractor  
  76  6:40  Drone x2  
  76  6:42  Zerg Ground Armor Level 1  
  76  6:44  Infestation Pit  
  76  6:45  Roach x2  
  81  6:48  Drone x2  
  83  6:54  Drone x6  
  90  7:01  Drone  
  90  7:02  Overlord  
  90  7:10  Overlord  
  90  7:11  Overlord  
  90  7:12  Glial Reconstitution  
  90  7:19  Overlord x2  
  90  7:24  Zergling x8  
  90  7:25  Zergling x2  
  95  7:32  Zergling x10  
  94  7:44  Zergling x2  
  94  7:45  Zergling x8  
  94  7:49  Infestor  
  100  7:51  Hive  
  100  7:52  Infestor  
  100  7:57  Infestor  
  100  8:08  Infestor  
  100  8:09  Infestor  
  100  8:10  Drone x2  
  100  8:11  Drone x3  
  109  8:22  Zergling x2  
  109  8:23  Zergling x10  
  109  8:26  Hatchery  
  114  8:28  Overlord x3  
  114  8:32  Zerg Melee Weapons Level 2  
  113  8:41  Zerg Ground Armor Level 2  
  111  8:57  Drone  
  111  8:58  Drone x7  
  117  9:06  Ultralisk Cavern  
  117  9:07  Ravager x10  
  126  9:11  Overseer  
  126  9:16  Drone x2  
  128  9:21  Roach  
  128  9:22  Roach x4  
  137  9:30  Hatchery  
  115  9:38  Zergling x4  
  115  9:39  Zergling x22  
  126  9:50  Queen  
  126  9:51  Zergling x2  
  126  9:52  Zergling x8  
  130  9:57  Chitinous Plating  
  129  10:00  Ultralisk  
  129  10:06  Ultralisk  
  141  10:17  Ultralisk  
  144  10:26  Ultralisk  
  128  10:39  Ultralisk x3  
  130  10:46  Zergling x6  
  122  10:50  Zergling x2  
  122  10:51  Zergling x10  
  122  10:53  Zergling x4  
  122  10:55  Zergling x2  
  129  11:02  Zergling x2  
  129  11:03  Zergling x2  
  130  11:06  Zergling x14  
  137  11:19  Hatchery  
  136  11:26  Roach x3  
  136  11:30  Roach x2  
  119  11:41  Ultralisk  
  124  11:47  Ultralisk  
  124  11:50  Ultralisk  
  127  12:05  Ultralisk x2  
  127  12:06  Zergling x2  
  127  12:31  Zergling x2, Ultralisk  
  127  12:32  Zergling x14  
  141  12:41  Ravager x2  
  141  12:42  Zergling x2  
  141  12:43  Zergling x10, Spore Crawler  
  149  12:51  Zergling x8  
  145  13:07  Overlord x2  
  145  13:11  Overlord  
  110  13:40  Queen  
  110  13:47  Infestor x4  
  115  13:49  Drone x3  
  106  13:57  Ultralisk  
  106  13:58  Zergling x8  
  101  14:07  Zergling x6  
  104  14:13  Roach x2  
Show
View Real Time Build Order
Export as new Build Order

Miszu Terran - Winner!

Build Orders: Reaper Expand, MMM Bio 

Get SALT Encoding   

  12  0:00  SCV  
  13  0:13  SCV  
  14  0:19  Supply Depot  
  14  0:25  SCV  
  15  0:41  SCV  
  15  0:42  Barracks  
  16  0:43  Refinery  
  16  0:53  SCV  
  17  1:05  SCV  
  18  1:17  SCV  
  19  1:29  Reaper, Orbital Command  
  20  1:47  Command Center  
  20  1:51  Supply Depot  
  20  1:55  SCV  
  21  2:02  Barracks Reactor  
  21  2:07  SCV  
  21  2:08  Refinery  
  22  2:19  SCV  
  22  2:21  Factory  
  23  2:31  SCV  
  24  2:37  Marine x2  
  24  2:43  SCV  
  27  2:55  Marine  
  27  2:56  SCV  
  29  3:03  Marine  
  29  3:04  Orbital Command  
  30  3:08  Supply Depot  
  30  3:10  Starport, Factory Reactor  
  30  3:12  SCV  
  31  3:16  Marine  
  32  3:21  Marine  
  32  3:24  SCV  
  34  3:30  SCV  
  34  3:34  Marine  
  35  3:36  SCV  
  35  3:39  Marine  
  37  3:42  SCV  
  39  3:48  SCV  
  39  3:51  Marine  
  39  3:53  Medivac x2, Widow Mine  
  39  3:54  SCV  
  47  3:58  Supply Depot  
  47  4:00  SCV  
  48  4:06  SCV  
  48  4:07  Marine  
  48  4:09  Marine  
  51  4:12  SCV  
  51  4:15  Liberator x2  
  52  4:17  Command Center  
  52  4:18  SCV  
  53  4:33  Marine  
  53  4:37  Refinery, Factory Tech Lab  
  53  4:38  Refinery  
  61  4:39  Supply Depot  
  61  4:41  SCV  
  61  4:43  SCV  
  62  5:01  Siege Tank, SCV x2  
  64  5:23  Marine x2  
  64  5:24  SCV  
  64  5:25  SCV  
  68  5:31  Orbital Command  
  68  5:33  Siege Tank  
  71  5:38  Barracks x2, SCV x2  
  71  5:39  Engineering Bay  
  71  5:40  Engineering Bay  
  71  5:41  Marine  
  74  5:50  SCV x2  
  74  5:52  Marine  
  74  5:59  Marine  
  74  6:02  SCV  
  74  6:03  SCV  
  70  6:06  Siege Tank  
  70  6:10  Marine  
  74  6:16  Orbital Command  
  74  6:17  Marine  
  74  6:18  Supply Depot  
  75  6:19  Supply Depot  
  75  6:21  Armory  
  75  6:23  Terran Infantry Weapons Level 1, Terran Infantry Armor Level 1  
  75  6:25  Barracks Tech Lab x2  
  75  6:28  Marine, SCV x2  
  75  6:34  Marine  
  75  6:35  Medivac x2  
  75  6:36  Barracks  
  75  6:37  Barracks  
  75  6:38  Siege Tank  
  83  6:40  SCV  
  83  6:41  SCV  
  83  6:46  Marine, Stimpack, Combat Shields  
  83  6:47  Marine  
  86  6:48  Marine  
  86  6:50  SCV  
  86  6:52  SCV  
  90  7:00  SCV  
  89  7:02  SCV  
  89  7:04  SCV  
  89  7:05  Supply Depot, Marine x2  
  90  7:08  Marine x2  
  90  7:13  SCV  
  90  7:14  SCV  
  94  7:16  SCV  
  94  7:20  Supply Depot  
  94  7:21  Supply Depot  
  95  7:22  Marine  
  95  7:23  Marine  
  95  7:25  SCV  
  95  7:26  Barracks Reactor, Marine  
  95  7:27  Barracks Reactor  
  99  7:30  Marine  
  100  7:40  Marine x2  
  100  7:44  Marine  
  102  7:48  Marine  
  104  7:58  Marine x2  
  104  8:01  Medivac x2, Siege Tank  
  104  8:02  Marauder  
  115  8:06  Marine x4, Marauder  
  115  8:10  Supply Depot, Refinery  
  115  8:11  Barracks  
  115  8:12  Supply Depot, Refinery, Barracks x2, SCV  
  122  8:16  Marine x2  
  124  8:24  Marine  
  125  8:27  Terran Infantry Armor Level 2, Terran Infantry Weapons Level 2  
  125  8:31  Marine  
  125  8:32  Marine x3, Marauder, SCV x3  
  125  8:34  Marine x2  
  134  8:41  Marine  
  134  8:44  Medivac x2, SCV  
  134  8:47  SCV  
  141  8:49  Supply Depot x2, Marine x4, SCV  
  141  8:53  Marauder  
  148  8:57  Bunker  
  148  9:00  SCV x2  
  145  9:05  Marine  
  145  9:06  Barracks Reactor, Barracks Tech Lab x2  
  145  9:07  Marauder  
  145  9:08  Barracks Tech Lab  
  148  9:12  Marine x2  
  150  9:17  Supply Depot, Medivac x2  
  154  9:26  Marine x7, Marauder  
  156  9:38  Marauder, SCV  
  154  9:39  Marine  
  154  9:44  Marine x2  
  154  9:45  Marine x2, Marauder  
  153  9:50  Marine, Marauder  
  154  9:56  Marauder  
  156  10:01  Marine x3  
  156  10:02  Marine x3  
  162  10:07  Marauder  
  162  10:10  Marine  
  162  10:12  Marauder  
  167  10:18  Marauder  
  167  10:19  Marauder  
  167  10:20  Marine, Marauder  
  158  10:29  Marauder  
  158  10:32  Liberator x2  
  148  10:39  Marauder  
  141  10:48  Marine, Marauder x3  
  144  10:50  Marauder  
  144  10:56  Supply Depot  
  146  10:57  Supply Depot  
  146  11:00  Marauder  
  146  11:03  Command Center  
  148  11:15  Terran Infantry Weapons Level 3, Starport, Terran Infantry Armor Level 3, Liberator  
  138  11:50  Marauder x4  
  138  11:51  Marauder  
  148  12:06  Marine  
  148  12:07  Marine x5, Liberator  
  148  12:08  Liberator  
  148  12:11  Marauder x2  
  148  12:12  Marauder x3  
  152  12:26  Liberator  
  151  12:33  Marauder x2  
  155  12:37  Marine x2, Marauder  
  155  12:38  Marauder x2  
  166  12:50  Liberator  
  166  12:52  Liberator  
  168  12:58  Marauder  
  167  13:09  Liberator  
  173  13:18  SCV x2  
  173  13:19  SCV x2  
  162  13:33  Liberator, SCV x2  
  162  13:34  SCV  
  156  13:45  SCV x2  
  155  14:03  Marine, Marauder  
  155  14:08  Marine x5, Marauder  
  155  14:09  Marine  
Tags
 
Add a new tag
Caveats
  • Supply blocks, unpowered buildings, or Contaminate may cause inaccurate times.
  • Supply counts are checked every 10 seconds.